 Dungeon Crawl Stone Soup version 0.31-a0-819-gf6de2f5ab6 (webtiles) character file.

Game seed: 17651736826500452122

43 Kurtz the Chopper (level 3, -8/26 HPs)
             Began as an Octopode Fighter on Sept 23, 2023.
             Killed by nerve-wracking pain
             ... invoked by Grinder
              (13 damage)
             ... on level 3 of the Dungeon.
             The game lasted 00:00:33 (1143 turns).

Kurtz the Chopper (Octopode Fighter)                Turns: 1143, Time: 00:00:34

Health: -8/26      AC:  1    Str: 15    XL:     3   Next: 58%
Magic:  3/3        EV: 13    Int: 10    God:
Gold:   115        SH:  4    Dex: 13    Spells: 2/2 levels left

rFire   . . .        a - +0 war axe
rCold   . . .        b - +0 buckler
rNeg    . . .        (helmet restricted)
rPois   .            (no amulet)
rElec   .            (no ring)
rCorr   .            (no ring)
SInv    .            (no ring)
Will    .....        (no ring)
Stlth   ++           (no ring)
HPRegen 0.24/turn    (no ring)
MPRegen 0.08/turn    (no ring)
                     (no ring)

%: no passive effects
@: no status effects
A: almost no armour, amphibious, 8 rings, camouflage 1, gelatinous body 1,
(nimble swimmer 1), tentacles
a: no special abilities


You were on level 3 of the Dungeon.
You visited 1 branch of the dungeon, and saw 3 of its levels.

You collected 115 gold pieces.

Inventory:

Hand Weapons
 a - a +0 war axe (weapon)
Armour
 b - a +0 buckler (worn)
Jewellery
 g - a ring of resist corrosion
Wands
 j - a wand of flame (21)
Scrolls
 d - 3 scrolls of identify {unknown}
 i - a scroll of poison {unknown}
 k - a scroll of enchant armour {unknown}
Potions
 c - a potion of might
 e - a potion of berserk rage {unknown}
 f - a potion of experience {unknown}
 h - a potion of heal wounds {unknown}


   Skills:
 - Level 3.0 Fighting
 * Level 3.8 Axes
 - Level 3.0 Dodging
 - Level 3.0 Shields


You had 2 spell levels left.
You didn't know any spells.
Your spell library was empty.

Dungeon Overview and Level Annotations

Branches:
Dungeon (3/15)

Altars:

Annotations:
D:3 Grinder


Innate Abilities, Weirdness & Mutations

You cannot wear most types of armour.
You are amphibious.
You can wear up to eight rings at the same time.
Your skin changes colour to match your surroundings (Stealth+).
Your rubbery body absorbs attacks. (AC +1, EV +1)
((You are camouflaged when in or above water. (Stealth+)))
You have tentacles for arms and can constrict up to eight enemies at once.


Message History

You closely miss the bat. Your grab misses the bat. You squeeze the bat.
You kill the bat!
HP restored.
You see here a bat corpse.
You now have 115 gold pieces (gained 7).
k - a scroll labelled TAQ ESEODWEALU No target in view!
Grinder comes into view.
Unknown command.
Grinder is nearby!
Grinder is nearby!
Unknown command.
Grinder is nearby!
The helpless Grinder fails to defend herself.
You hit Grinder. Your grab misses Grinder.
Grinder is lightly wounded.
Grinder misses you.
You closely miss Grinder. You grab Grinder. Your squeeze misses Grinder.
Grinder is lightly wounded.
You constrict Grinder. Grinder gestures at you.
You resist with significant effort. Grinder gestures at you.
You suddenly lose the ability to move!
You lose your grip on Grinder.
Grinder hits you!
You can move again.
You closely miss Grinder. Your grab misses Grinder.
Grinder is moderately wounded.
Grinder hits you!
You writhe in agony.
* * * LOW HITPOINT WARNING * * *
Unknown command.
You are too injured to fight recklessly!
You hit Grinder. You grab Grinder.
Grinder is moderately wounded.
You constrict Grinder, but do no damage.
Grinder gestures at you. Pain shoots through your body!
Ouch! That really hurt!
You die...
Grinder says, "Now the real fun starts!"

# #.##.###....
#..#.# .. #.###.#.#
#.......#########
#####.###.......#
#........##.#
#####.##.##.#######
#.##...........
#.#####@#######
#.....5.# #########


You could see Grinder.

Vanquished Creatures
  An adder (D:2)
  2 worms (D:2)
  A dart slug (D:2)
  3 bats
  4 endoplasms
  3 giant cockroaches (D:2)
  2 goblins
  A hobgoblin (D:1)
  2 quokkas
  2 frilled lizards (D:2)
  2 kobolds (D:1)
  A rat (D:1)
24 creatures vanquished.

Notes
Turn   | Place    | Note
-------+----------+-------------------------------------------
     0 | D:1      | Kurtz the Octopode Fighter began the quest for the Orb.
     0 | D:1      | Reached XP level 1. HP: 16/16 MP: 1/1
   306 | D:1      | Reached XP level 2. HP: 20/21 MP: 2/2
   324 | D:1      | You fall into a shaft and drop 1 floor!
   679 | D:2      | Reached XP level 3. HP: 26/26 MP: 3/3
  1134 | D:3      | Noticed Grinder
  1140 | D:3      | Paralysed by Grinder for 2 turns
  1143 | D:3      | Killed from afar by Grinder

Illustrated notes

Levels and vault maps discovered:
D:1:      enne_arrival_octagon_isle, layout_basic, serial_shops, shop,
          nicolae_shop_hallway_plus, grunt_decor_one_mirror
D:2:      layout_basic, serial_park_tiny_2, chequers_serial_rivers_small_b
D:3:      layout_loops_cross, uniq_sigmund, uniq_grinder

Skill      XL: |  1  2 |
---------------+-------+-----
Axes           | 3 |  3.8
Fighting       | |  3.0
Dodging        | |  3.0
Shields        | |  3.0

Action                     || total
---------------------------++-------
  Melee: War axe           ||    56
         Tentacles         ||    12
         Constrict         ||    11
         Punch             ||     1
   Stab: Sleeping          ||     5
 Armour: Skin              ||    24
  Dodge: Dodged            ||    28
  Block: Buckler           ||    15

Table legend: (Time is in decaauts)
 A = Elapsed time spent in this place.
 B = Non-inter-level travel time spent in this place.
 C = Inter-level travel time spent in this place.
 D = Time resting spent in this place.
 E = Time spent auto-exploring this place.
 F = Levels seen in this place.
 G = Mean time per level.
                   A        B        C        D        E       F      G
               +--------+--------+--------+--------+--------+-----+--------+
         Total |   1163 |   1143 |     20 |    130 |    828 |   3 |  387.7 |
       Dungeon |   1163 |   1143 |     20 |    130 |    828 |   3 |  387.7 |
               +--------+--------+--------+--------+--------+-----+--------+

Top non-repeatable levels by time:
     D:2: 776 daAuts
     D:1: 328 daAuts
     D:3: 59 daAuts
